 Dungeon Crawl Stone Soup version 0.18.1-50-g88ac8fd (webtiles) character file.

99669 spiff the Black Belt (level 15, -3/162 HPs)
             Began as a Troll Monk on Oct 23, 2016.
             Was the Champion of Jiyva.
             Slain by a skeletal warrior
             ... wielding a +0 long sword
             ... led by a skeletal warrior
              (22 damage)
             ... on level 15 of the Dungeon.
             The game lasted 01:30:09 (26415 turns).

spiff the Black Belt (Troll Monk)                  Turns: 26415, Time: 01:30:10

Health: -3/162     AC: 12    Str:  9    XL:     15   Next: 41%
Magic:  32/32      EV: 23    Int: 10    God:    Jiyva [******]
Gold:   1124       SH: 12    Dex: 25    Spells: 3 memorised, 9 levels left

rFire  + + +     SeeInvis .       - Unarmed
rCold  . . .     Gourm    +     L - +1 robe {MR+}
rNeg   + . .     Faith    .     C - +2 shield {reflect}
rPois  +         Spirit   .     (helmet restricted)
rElec  .         Dismiss  .     y - +1 cloak {+Inv}
rCorr  +         Reflect  +     (gloves unavailable)
SustAt .         Harm     .     (boots unavailable)
MR     +++..                    R - amulet of rage
Stlth  ++++++....               M - ring "Ipriq" {rPois rF+++ MR+ MP+9 Str-2}
                                S - ring "Dookh" {rPois rN+ MP+9 Stlth+}

@: studying Long Blades, extremely resistant to hostile enchantments, very
stealthy
A: unfitting armour, claws 3, talons 1, repulsion field 1, rugged brown scales
1, thin metallic scales 1, camouflage 2, fast metabolism 3, gourmand,
regeneration 2, shaggy fur 1, tough skin 2, acidic bite, gelatinous body 1,
jelly absorbing missiles, no device heal 1, sturdy frame 1
a: Request Jelly, Jelly Paralyse, Slimify, Cure Bad Mutation, Renounce Religion,
Evoke Berserk Rage, Evoke Invisibility
}: 1/15 runes: slimy


You were on level 15 of the Dungeon.
You worshipped Jiyva.
Jiyva was exalted by your worship.
You were very full.

You visited 5 branches of the dungeon, and saw 32 of its levels.
You also visited: Labyrinth and Bailey.

You collected 1928 gold pieces.
You spent 804 gold pieces at shops.

Inventory:

Missiles
 i - 4 large rocks
 t - 20 tomahawks
 u - 31 tomahawks of returning (quivered)
 N - a silver javelin
Armour
 y - a +1 cloak of invisibility (worn)
 C - a +2 shield of reflection (worn)
 L - a +1 robe of magic resistance (worn)
Rods
 Q - a +5 rod of inaccuracy (13/13)
   (You took it off a minotaur in a labyrinth)
Jewellery
 o - the ring "Zagiad" {Ice rElec Str+3 Int+4 Slay-3}
   (You found it on level 6 of the Pits of Slime)

   [ring of ice]

   It enhances your ice magic, and weakens your fire magic.
   It affects your strength (+3).
   It affects your intelligence (+4).
   It affects your accuracy and damage with ranged weapons and melee attacks
   (-3).
   It makes you vulnerable to fire.
   It protects you from cold.
   It insulates you from electricity.
 v - a +4 ring of dexterity
 A - a +2 amulet of reflection
 M - the ring "Ipriq" (right claw) {rPois rF+++ MR+ MP+9 Str-2}
   (You bought it in a shop on level 2 of the Orcish Mines)

   [ring of protection from magic]

   It affects your strength (-2).
   It renders you almost immune to fire.
   It protects you from poison.
   It affects your resistance to hostile enchantments.
   It affects your magic capacity (+9).
 R - an amulet of rage (around neck)
 S - the ring "Dookh" (left claw) {rPois rN+ MP+9 Stlth+}
   (You found it on level 6 of the Pits of Slime)

   [ring of poison resistance]

   It protects you from poison.
   It protects you from negative energy.
   It affects your magic capacity (+9).
   It makes you more stealthy.
 V - the ring "Giffidwi" {+Fly rN+ Str-4 Int+5 SInv}
   (You found it on level 6 of the Pits of Slime)

   [ring of flight]

   It affects your strength (-4).
   It affects your intelligence (+5).
   It protects you from negative energy.
   It lets you see invisible.
   It lets you fly.
Wands
 m - a wand of iceblast (0/15)
 F - a wand of lightning (5/15)
 U - a wand of lightning (7/15)
Scrolls
 g - 4 scrolls of fog
 h - 6 scrolls of teleportation
 j - 5 scrolls of recharging
 l - 2 scrolls of fear
 n - 3 scrolls of remove curse
 w - 2 scrolls of holy word
 B - 2 scrolls of enchant armour
 D - a scroll of enchant weapon
 G - a scroll of blinking
 H - 2 scrolls of amnesia
Potions
 c - 2 potions of haste
 f - 4 potions of curing
 p - 4 potions of magic
 q - 2 potions of ambrosia
 r - 3 potions of cure mutation
 s - 2 potions of cancellation
 E - a potion of flight
 I - 3 potions of agility
 J - 2 potions of invisibility
 O - 2 potions of brilliance {unknown}
Books
 a - a book of Spatial Translocations

   Spells                             Type                      Level
   a - Apportation                    Translocation                1
   b - Blink                          Translocation                2
   c - Shroud of Golubria             Charms/Translocation         2
   d - Portal Projectile              Translocation                3
   e - Teleport Other                 Translocation                3
   f - Passage of Golubria            Translocation                4
 x - a book of Battle

   Spells                             Type                      Level
   a - Infusion                       Charms                       1
   b - Shroud of Golubria             Charms/Translocation         2
   c - Song of Slaying                Charms                       2
   d - Spectral Weapon                Hexes/Charms                 3
   e - Regeneration                   Charms/Necromancy            3
 K - a manual of Long Blades
 P - a book of Transfigurations

   Spells                             Type                      Level
   a - Irradiate                      Conjuration/Transmutation    5
   b - Statue Form                    Transmutation/Earth          6
   c - Hydra Form                     Transmutation                6
   d - Dragon Form                    Transmutation                7
Miscellaneous
 T - a lamp of fire
Comestibles
 b - 14 bread rations
 d - 5 beef jerkies
 k - 11 meat rations
 z - 9 fruits
 W - 4 slices of pizza


   Skills:
 - Level 12.6 Fighting
 - Level 8.6 Throwing
 - Level 11.8 Dodging
 - Level 3.7 Stealth
 + Level 5.9 Shields
 - Level 15.0 Unarmed Combat


You had 9 spell levels left.
You knew the following spells:

 Your Spells              Type           Power        Failure   Level  Hunger
a - Repel Missiles        Chrm/Air       #.....       91%         2    ###....
b - Apportation           Tloc           #.........   75%         1    ##.....
c - Swiftness             Chrm/Air       #.......     91%         2    ###....


Dungeon Overview and Level Annotations

Branches:
Dungeon (15/15) Temple (1/1) D:4 Lair (8/8) D:11 Swamp (0/4) Lair:6 Spider (0/4) Lair:6 Slime (6/6) Lair:8 Orc (2/2) D:12 Elf (0/3) Orc:2 Vaults (0/5) D:13 D:14 Depths: D:15

Altars:
Ashenzari
Cheibriados
Dithmenos
Elyvilon
Fedhas
Gozag
Kikubaaqudgha
Makhleb
Nemelex Xobeh
Okawaru
Pakellas
Qazlal
Ru
Sif Muna
Trog
Vehumet
Xom
Yredelemnul
Zin
The Shining One
Jiyva
Lugonu

Shops:
D:5 *   D:8 (   D:12 *   D:13 [}?:[   Orc:2 %=::(

Portals:
Trove: D:14 (give +3 storm dragon armour)

Annotations:
D:3 Grinder
D:4 1 runed door
Slime:2 Dissolution
Slime:6 Royal Jelly


Innate Abilities, Weirdness & Mutations

You are too large for most types of armour.
You have claws for hands.
Your metabolism is lightning-fast.
You like to eat raw meat.
You heal very quickly.
You are covered in fur (AC +1).
You have very tough skin (AC +2).
You have sharp toenails.
You are surrounded by a mild repulsion field (EV +2).
You are partially covered in rugged brown scales (AC +1, +3% HP).
You are partially covered in thin metallic scales (AC +2).
Your skin blends seamlessly with your surroundings (Stealth).
You have acidic saliva.
Your rubbery body absorbs attacks (AC +1).
You have a small jelly attached to you that may absorb incoming projectiles.
Potions and wands are less effective at restoring your health.
Your movements are slightly less encumbered by armour (ER -2).


Message History

Jiyva appreciates your sacrifice.
You feel a little less hungry.
You feel better.
You scratch the skeletal warrior.
You claw the skeletal warrior, but do no damage.
The skeletal warrior is moderately damaged.
You block the skeletal warrior's attack.
You barely miss the skeletal warrior. You bite the skeletal warrior.
The skeletal warrior is splashed with acid.
The acid corrodes the skeletal warrior!
The skeletal warrior is moderately damaged.
You claw the skeletal warrior!
You claw the skeletal warrior, but do no damage.
The skeletal warrior is heavily damaged.
The skeletal warrior hits you with a long sword!
* * * LOW HITPOINT WARNING * * *
You mangle the skeletal warrior!! Your kick misses the skeletal warrior.
You bite the skeletal warrior, but do no damage.
The skeletal warrior is almost destroyed.
The skeletal warrior hits you with a long sword!!
You die...

....#.#.#### #.# ...#......# #.#
#.##...##.####.##
#.##...##.......#
#..††.....####..# ### .#
#...............# #.#
....#.###.###..####.########%#
#.....#.# #..####........#.##
#.###.#.# #...@z........(...# #.
#...# #.############.#..#
#.###.#.# #.# #.#..# . #.....#.#
#.# #.#..# ....#..##.###.# #z#..#
...........##.############.#..#
.........#....#.....††.....z..###
.......##.......##########.##.#.#
......#.#...##### ###.##....


You could see a skeletal warrior.

Vanquished Creatures
  Nessos (Lair:8)
  The ghost of Monkfish the Unseen, a journeyman KoBe of Trog (Orc:2)
  A minotaur (Lab)
  A fire dragon (D:13)
  5 hydras
  3 catoblepae (Lair:8)
  A death knight (D:14)
  A centaur warrior (D:13)
  19 death yaks
  A tengu warrior (D:13)
  2 orc high priests (Orc:2)
  5 skeletal warriors
  3 unseen horrors
  3 hill giants
  4 orc knights (Orc:2)
  2 deep elf magi (D:14)
  3 orc sorcerers (Orc:2)
  A cyclops (D:14)
  15 ugly things
  6 centaur zombies
  4 black mambas
  3 elephants (Lair:8)
  Psyche (D:8)
  5 rime drakes
  2 gargoyles
  13 spiny frogs
  8 komodo dragons
  3 freezing wraiths (D:14)
  3 trolls
  2 jumping spiders (Lair:6)
  2 two-headed ogres
  25 blink frogs
  A boulder beetle (Lair:8)
  A redback (Lair:6)
  A shadow (D:14)
  A spriggan (D:7)
  45 yaks
  2 wyverns
  5 wraiths
  A vampire (D:12)
  2 basilisks
  A hungry ghost (D:14)
  14 humans (D:13)
  A steam dragon (D:11)
  12 hippogriffs
  A swamp worm (Lair:6)
  2 soldier ants
  2 wargs
  A mottled dragon (D:10)
  15 water moccasins
  2 hell hounds (Orc:2)
  7 porcupines
  2 black bears
  5 ice beasts
  31 orc warriors
  A necrophage (D:10)
  6 phantoms
  8 wolves
  An eye of draining (D:9)
  9 ogres
  12 centaurs
  22 crocodiles
  22 giant frogs
  2 wyvern skeletons
  A scorpion (D:9)
  A water moccasin skeleton (D:10)
  7 killer bees
  11 howler monkeys
  7 wights
  5 crimson imps
  6 jellies
  5 hounds
  A giant frog skeleton (D:12)
  12 orc priests
  16 orc wizards
  2 centaur skeletons
  9 iguanas
  8 worker ants
  A killer bee zombie (D:7)
  23 sheep
  2 hound zombies (D:10)
  3 hound skeletons
  2 mummies (D:10)
  10 gnolls
  14 adders
  55 river rats
  5 shadow imps
  An ooze (D:1)
  4 adder skeletons
  4 worms
  3 dart slugs
  10 giant geckos
  75 orcs
  4 ball pythons
  6 giant cockroaches
  14 goblins
  6 hobgoblins
  4 jackals (D:1)
  17 kobolds
  6 quokkas
  17 bats
  2 giant newts (D:3)
  A quokka skeleton (D:5)
  A quokka zombie (D:5)
  13 rats
  A fungus (Lair:3)
782 creatures vanquished.

Vanquished Creatures (collateral kills)
  A hydra (Lair:1)
1 creature vanquished.

Vanquished Creatures (others)
  3 acid blobs (Slime:6)
  A death yak (Lair:8)
  An orc high priest (Orc:2)
  A shining eye (Slime:6)
  A deep elf mage (D:14)
  2 orc sorcerers (Orc:2)
  A spiny frog (Lair:8)
  A kobold demonologist (D:13)
  A rime drake (Lair:8)
  2 tengu conjurers (D:13)
  A blink frog (Lair:8)
  4 slime creatures
  7 yaks (Lair:8)
  A golden eye (Slime:4)
  2 humans (D:13)
  A water moccasin (Lair:4)
  An orc warrior (Orc:2)
  A wolf (Lair:2)
  4 crocodiles
  3 giant frogs
  72 jellies
  A crimson imp (D:15)
  An orc priest (Orc:1)
  2 orc wizards
  An iguana (D:13)
  21 river rats
  2 shadow imps
  A butterfly (Lair:8)
  51 fungi
  19 plants
210 creatures vanquished.

Grand Total: 993 creatures vanquished

Notes
Turn   | Place    | Note
--------------------------------------------------------------
     0 | D:1      | spiff the Troll Monk began the quest for the Orb.
     0 | D:1      | Reached XP level 1. HP: 22/22 MP: 0/0
    76 | D:1      | Reached XP level 2. HP: 26/29 MP: 1/1
   592 | D:2      | Found a shimmering altar of Xom.
   637 | D:1      | Reached XP level 3. HP: 17/37 MP: 2/2
   741 | D:2      | Reached XP level 4. HP: 44/45 MP: 3/3
   848 | D:2      | Found a blossoming altar of Fedhas.
  1378 | D:3      | Gained mutation: You possess an exceptional clarity of mind. [potion of mutation]
  1378 | D:3      | Gained mutation: You are agile. (Dex +2) [potion of mutation]
  1378 | D:3      | Gained mutation: Your spells are a little harder to cast, but a little more powerful. [potion of mutation]
  1380 | D:3      | Noticed Grinder
  1637 | D:3      | Reached XP level 5. HP: 53/53 MP: 4/4
  1984 | D:4      | Found an ancient bone altar of Kikubaaqudgha.
  2022 | D:4      | Found a radiant altar of Vehumet.
  2059 | D:4      | Found a deep blue altar of Sif Muna.
  2063 | D:4      | Identified Kikubaaqudgha's Tome of Black Magic
  2119 | D:4      | Reached skill level 5 in Unarmed Combat
  2227 | D:4      | Noticed a phantom
  2228 | D:4      | Found a shattered altar of Ashenzari.
  2260 | D:4      | Killed a phantom
  2260 | D:4      | Reached XP level 6. HP: 33/62 MP: 5/5
  2372 | D:4      | Found a runed door.
  2372 | D:4      | Found a glowing silver altar of Zin.
  2372 | D:4      | Noticed an angel
  2419 | D:4      | Found an iron altar of Okawaru.
  2599 | D:4      | Found a staircase to the Ecumenical Temple.
  2610 | Temple   | Entered the Ecumenical Temple
  2750 | D:5      | Entered Level 5 of the Dungeon
  2817 | D:5      | Reached XP level 7. HP: 58/71 MP: 6/6
  2878 | D:5      | Reached skill level 6 in Unarmed Combat
  3179 | D:5      | Found a glowing golden altar of the Shining One.
  3330 | D:5      | Found Faopn's General Store.
  3331 | D:5      | Reached skill level 5 in Fighting
  3728 | D:6      | Reached XP level 8. HP: 91/91 MP: 7/7
  3754 | D:6      | Reached XP level 9. HP: 97/97 MP: 8/8
  3984 | D:6      | Reached skill level 7 in Unarmed Combat
  4600 | D:7      | Reached skill level 8 in Unarmed Combat
  5365 | D:8      | Found Qed Heeff's Antique Weapon Emporium.
  5496 | D:8      | Found an opulent altar of Gozag.
  5585 | D:8      | Noticed Psyche
  5608 | D:8      | Killed Psyche
  5608 | D:8      | Reached skill level 9 in Unarmed Combat
  5906 | D:8      | Reached XP level 10. HP: 106/106 MP: 9/9
  6205 | D:9      | Found a basalt altar of Yredelemnul.
  6237 | D:9      | Found a snail-covered altar of Cheibriados.
  6257 | D:9      | Found an oddly glowing altar of Pakellas.
  6281 | D:9      | Identified Eleckaeg's Thaumaturgy, Part One
  6291 | D:9      | Reached skill level 10 in Unarmed Combat
  7086 | D:10     | Entered Level 10 of the Dungeon
  7182 | D:10     | Noticed a gargoyle
  7198 | D:10     | Killed a gargoyle
  7374 | D:10     | Reached skill level 11 in Unarmed Combat
  7457 | D:10     | Killed an unseen horror
  7966 | D:10     | Reached XP level 11. HP: 103/113 MP: 10/10
  8033 | D:10     | Reached skill level 12 in Unarmed Combat
  8203 | D:11     | Found a labyrinth entrance.
  8216 | Lab      | Entered a labyrinth
  8319 | Lab      | Noticed a minotaur
  8329 | Lab      | Killed a minotaur
  8415 | Lab      | Identified Nomp's Grimoire of Confrontation
  8755 | D:11     | Reached skill level 13 in Unarmed Combat
  8819 | D:11     | Found a staircase to the Lair.
  8950 | Lair:1   | Entered Level 1 of the Lair of Beasts
  9494 | Lair:2   | Reached skill level 14 in Unarmed Combat
  9594 | Lair:3   | Identified a +5 rod of inaccuracy (13/13) (You took it off a minotaur in a labyrinth)
  9976 | Lair:6   | Reached XP level 12. HP: 122/122 MP: 11/11
 10075 | Lair:6   | Found a hole to the Spider Nest.
 10209 | Lair:6   | Noticed Maud
 10325 | Lair:7   | Reached skill level 15 in Unarmed Combat
 10446 | Lair:7   | Reached skill level 1 in Throwing
 10497 | Lair:8   | Entered Level 8 of the Lair of Beasts
 11014 | Lair:6   | Found a staircase to the Swamp.
 11467 | Lair:6   | Reached skill level 5 in Throwing
 11646 | Lair:8   | Noticed a four-headed hydra
 11801 | Lair:8   | Noticed Nessos
 11807 | Lair:8   | Killed Nessos
 11896 | Lair:8   | Noticed a five-headed hydra
 11908 | Lair:8   | Found a viscous altar of Jiyva.
 11909 | Lair:8   | Found a staircase to the Slime Pits.
 11916 | Lair:8   | Became a worshipper of Jiyva Jasinequ the Shapeless
 11916 | Lair:8   | Reached * piety under Jiyva
 11916 | Lair:8   | Reached ** piety under Jiyva
 12213 | Lair:3   | Noticed a six-headed hydra
 12342 | Lair:2   | Learned a level 2 spell: Repel Missiles
 12344 | Lair:2   | Learned a level 1 spell: Apportation
 12347 | Lair:2   | Learned a level 2 spell: Swiftness
 12351 | Lair:2   | Reached *** piety under Jiyva
 12354 | Lair:2   | Gained mutation: You have sharp toenails. [Jiyva's grace]
 12366 | Lair:2   | Reached **** piety under Jiyva
 12368 | Lair:2   | Lost mutation: You possess an exceptional clarity of mind. [Jiyva's grace]
 13027 | Lair:1   | Noticed a five-headed hydra
 13230 | Lair:1   | Killed a five-headed hydra
 13234 | Lair:1   | Reached ***** piety under Jiyva
 13359 | Lair:1   | Gained mutation: You expend magic power (3 MP) to strengthen your wands. [Jiyva's grace]
 13809 | Lair:1   | Noticed a five-headed hydra
 13959 | D:11     | Reached XP level 13. HP: 102/130 MP: 12/12
 14341 | D:11     | Gained mutation: Your skin changes colour to match your surroundings (Stealth). [Jiyva's grace]
 14625 | D:12     | Found Gakuorgh's Blood Bar.
 14688 | D:12     | Found a flagged portal.
 14706 | Bailey   | Entered a bailey
 15458 | D:12     | Found a staircase to the Orcish Mines.
 15629 | Orc:1    | Entered Level 1 of the Orcish Mines
 15787 | Orc:1    | Lost mutation: Your spells are a little harder to cast, but a little more powerful. [Jiyva's grace]
 15998 | Orc:2    | Entered Level 2 of the Orcish Mines
 16174 | Orc:2    | Found a staircase to the Elven Halls.
 16183 | Orc:2    | Noticed Monkfish's ghost (journeyman KoBe)
 16198 | Orc:2    | Killed Monkfish's ghost
 16597 | Orc:2    | Found Mumeh's Food Boutique.
 17288 | Orc:2    | Gained mutation: You have acidic saliva. [Jiyva's grace]
 17311 | Orc:2    | Reached ****** piety under Jiyva
 17321 | Orc:2    | Reached skill level 10 in Fighting
 17329 | Orc:2    | Gained mutation: Your body is partially covered in golden eyeballs (Acc +3). [Jiyva's grace]
 17347 | Orc:2    | Gained mutation: Your movements are slightly less encumbered by armour (ER -2). [Jiyva's grace]
 17465 | Orc:2    | Gained mutation: You have a pair of small horns on your head. [Jiyva's grace]
 17533 | Orc:2    | Found Jiajim's Jewellery Boutique.
 17533 | Orc:2    | Found Lalugg's Antique Weapon Emporium.
 17535 | Orc:2    | Found Epoal's Book Boutique.
 17535 | Orc:2    | Found Fariklal's Book Emporium.
 17541 | Orc:2    | Bought the ring "Ipriq" {rPois rF+++ MR+ MP+9 Str-2} for 804 gold pieces
 17828 | Lair:1   | Lost mutation: You are agile. (Dex +2) [Jiyva's grace]
 18824 | Lair:3   | Lost mutation: You have acidic saliva. [Jiyva's grace]
 19936 | Lair:5   | Lost mutation: Your body is partially covered in golden eyeballs (Acc +3). [Jiyva's grace]
 20045 | Lair:5   | Reached XP level 14. HP: 130/144 MP: 13/13
 20282 | Lair:5   | Reached skill level 10 in Dodging
 20851 | Lair:6   | Slimified Maud
 20851 | Lair:6   | Noticed Maud
 20851 | Lair:6   | Maud changed into Maud the slime creature
 21151 | Lair:7   | Was placed under penance by Jiyva
 21445 | Lair:7   | Was forgiven by Jiyva
 21449 | Lair:7   | Gained mutation: You are partially covered in molten scales (AC +1). [Jiyva's grace]
 21661 | Lair:8   | Noticed an azure jelly
 21661 | Lair:8   | a ten-headed hydra changed into an azure jelly
 21668 | Lair:8   | Gained mutation: Potions and wands are less effective at restoring your health. [Jiyva's grace]
 21747 | Lair:8   | Noticed an azure jelly
 21747 | Lair:8   | a death yak changed into an azure jelly
 21923 | Lair:8   | Gained mutation: Your skin blends seamlessly with your surroundings (Stealth). [Jiyva's grace]
 22954 | Lair:8   | Lost mutation: You expend magic power (3 MP) to strengthen your wands. [Jiyva's power]
 23017 | Lair:8   | Gained mutation: Your rubbery body absorbs attacks (AC +1). [Jiyva's grace]
 23101 | Lair:8   | Noticed an azure jelly
 23101 | Lair:8   | a five-headed hydra changed into an azure jelly
 23661 | Slime:1  | Entered Level 1 of the Pits of Slime
 23671 | Slime:2  | Noticed Dissolution
 23671 | Slime:2  | Noticed an acid blob
 23673 | Slime:2  | Noticed an acid blob
 23690 | Slime:3  | Noticed an azure jelly
 23690 | Slime:3  | Noticed an acid blob
 23710 | Slime:5  | Noticed an azure jelly
 23716 | Slime:6  | Entered Level 6 of the Pits of Slime
 23721 | Slime:6  | Noticed an acid blob
 23731 | Slime:6  | Found a viscous altar of Jiyva.
 23731 | Slime:6  | Noticed an acid blob
 23732 | Slime:6  | Noticed an acid blob
 23732 | Slime:6  | Noticed the Royal Jelly
 23736 | Slime:6  | Noticed an acid blob
 23737 | Slime:6  | Lost mutation: You are partially covered in molten scales (AC +1). [Jiyva's grace]
 23738 | Slime:6  | Got a faintly glowing golden ring
 23744 | Slime:6  | Gained mutation: You are surrounded by a mild repulsion field (EV +2). [Jiyva's grace]
 23759 | Slime:6  | Gained mutation: You are partially covered in rugged brown scales (AC +1, +3% HP). [Jiyva's grace]
 23764 | Slime:6  | Noticed an acid blob
 23769 | Slime:6  | Got a wavering platinum ring
 23772 | Slime:6  | Got an ancient marble ring
 23780 | Slime:6  | Got a faintly glowing platinum ring
 23783 | Slime:6  | Got a clouded ivory amulet
 23796 | Slime:6  | Got a slimy rune of Zot
 23799 | Slime:6  | Identified the ring "Zagiad" {Ice rElec Str+3 Int+4 Slay-3} (You found it on level 6 of the Pits of Slime)
 23801 | Slime:6  | Identified the ring "Dookh" {rPois rN+ MP+9 Stlth+} (You found it on level 6 of the Pits of Slime)
 23803 | Slime:6  | Identified the ring "Giffidwi" {+Fly rN+ Str-4 Int+5 SInv} (You found it on level 6 of the Pits of Slime)
 23805 | Slime:6  | Identified the ring of Amorality {rF+ Str+3 Int+2 Dex-3 Stlth+} (You found it on level 6 of the Pits of Slime)
 23807 | Slime:6  | Identified the amulet "Qatt" {*Confuse +Rage +Inv SInv} (You found it on level 6 of the Pits of Slime)
 23814 | Slime:6  | Killed an acid blob
 23820 | Slime:6  | Killed an acid blob
 23823 | Slime:6  | Killed an acid blob
 24195 | D:13     | Found Nyqiukk's Armour Shop.
 24294 | D:13     | Lost mutation: You have a pair of small horns on your head. [Jiyva's grace]
 24368 | D:13     | Found Utaner's Book Shoppe.
 24368 | D:13     | Found Idikk's Armour Shoppe.
 24418 | D:13     | Gained mutation: You are covered in slimy tendrils that may disarm your opponents. [Jiyva's grace]
 24577 | D:13     | Found Paugozen's Magic Scroll Shoppe.
 24753 | D:13     | Lost mutation: You are covered in slimy tendrils that may disarm your opponents. [Jiyva's grace]
 24779 | D:13     | Found Wooxaov's Gadget Emporium.
 24865 | D:14     | Found a gate to the Vaults.
 24865 | D:14     | Noticed Donald
 24879 | D:13     | Reached XP level 15. HP: 137/162 MP: 14/14
 24914 | D:14     | HP: 7/162 [human (7)]
 24959 | D:13     | Slimified Donald
 24959 | D:13     | Noticed Donald
 24959 | D:13     | Donald changed into Donald the acid blob
 25077 | D:13     | Gained mutation: You are partially covered in thin metallic scales (AC +2). [Jiyva's grace]
 25114 | D:14     | Reached skill level 1 in Shields
 25674 | D:14     | Gained mutation: You have acidic saliva. [Jiyva's grace]
 25974 | D:14     | Found a portal to a secret trove of treasure.
 26105 | D:15     | Entered Level 15 of the Dungeon
 26279 | D:15     | Reached skill level 5 in Shields
 26410 | D:15     | Gained mutation: You have a small jelly attached to you that may absorb incoming projectiles. [Jiyva's grace]
 26415 | D:15     | Slain by a skeletal warrior

Skill      XL: |  1  2  3  4  5  6  7  8  9 10 11 12 13 14 15 |
---------------+----------------------------------------------+-----
Fighting       | 3 4 8 10 12 | 12.6
Stealth        | 2 3 |  3.7
Unarmed Combat | 5 6 9 11 14 15 | 15.0
Dodging        | 7 9 11 | 11.8
Throwing       | 8 |  8.6
Shields        | 5 |  5.9

Action                   |  1- 3 |  4- 6 |  7- 9 | 10-12 | 13-15 || total
-------------------------+-------+-------+-------+-------+-------++-------
Melee: Unarmed           |    63 |   174 |   250 |   778 |  1457 ||  2722
       Punch             |     1 |     4 |     5 |    62 |   102 ||   174
       Kick              |       |       |       |    25 |   587 ||   612
       Headbutt          |       |       |       |       |   191 ||   191
       Bite              |       |       |       |       |    53 ||    53
Throw: Javelin           |       |       |       |     6 |       ||     6
       Tomahawk          |       |       |       |       |    14 ||    14
Invok: Request Jelly     |       |       |       |     1 |       ||     1
       Slimify           |       |       |       |       |     7 ||     7
       Jelly Paralyse    |       |       |       |       |     3 ||     3
       Cure Bad Mutation |       |       |       |       |     3 ||     3
Evoke: Rod               |       |       |       |     5 |    20 ||    25
       Wand              |       |       |       |     5 |     6 ||    11
       Phantom mirror    |       |       |       |     1 |       ||     1
  Use: Scroll            |     5 |     5 |     8 |    13 |     9 ||    40
       Potion            |       |     1 |     1 |     4 |     8 ||    14
 Stab: Sleeping          |       |     3 |       |    13 |    26 ||    42
       Distracted        |       |       |       |     4 |    10 ||    14
       Confused          |       |       |       |       |     1 ||     1
  Eat: Chunk             |    12 |    19 |    27 |    66 |    89 ||   213
       Bread ration      |       |       |       |       |     1 ||     1
Armor: Robe              |    23 |    54 |    32 |   143 |   216 ||   468
Dodge: Dodged            |    32 |   105 |   171 |   559 |  1125 ||  1992
Block: Other             |       |       |     7 |    51 |    50 ||   108
       Reflection        |       |       |       |     2 |     6 ||     8
       Shield            |       |       |       |       |   131 ||   131
